 Dungeon Crawl Stone Soup version 0.19-a0-1850-g63fd1ff (webtiles) character file.

14735 Naow the Severer (level 11, -5/83 HPs)
             Began as a Minotaur Berserker on Oct 10, 2016.
             Was a High Priest of Trog.
             Killed from afar by a catoblepas (7 damage)
             ... with a blast of calcifying dust
             ... on level 2 of the Lair of Beasts.
             The game lasted 00:22:36 (11764 turns).

Naow the Severer (Minotaur Berserker)              Turns: 11764, Time: 00:22:38

Health: -5/83      AC: 13    Str: 24    XL:     11   Next: 92%
Magic:  10/10      EV: 11    Int:  7    God:    Trog [*****.]
Gold:   176        SH:  0    Dex: 11    Spells: 0 memorised, 10 levels left

rFire  . . .     SeeInvis .     V - +9 broad axe of Quick Death {venom, Str+3}
rCold  . . .     Gourm    .     K - +3 ring mail
rNeg   . . .     Faith    .     (no shield)
rPois  +         Spirit   .     (helmet restricted)
rElec  .         Dismiss  .     (no cloak)
rCorr  +         Reflect  .     (no gloves)
MR     +++..     Harm     .     E - +2 pair of boots
Stlth  +.........               (no amulet)
                                s - ring "Ricw" {rPois MR+}
                                i - ring of resist corrosion

@: exhausted, regenerating, slowed, very slow
A: retaliatory headbutt, horns 2
a: Berserk, Trog's Hand, Brothers in Arms, Burn Spellbooks, Renounce Religion


You were on level 2 of the Lair of Beasts.
You worshipped Trog.
Trog was extremely pleased with you.
You were near starving.

You visited 2 branches of the dungeon, and saw 13 of its levels.

You collected 599 gold pieces.
You spent 423 gold pieces at shops.

Inventory:

Hand Weapons
 t - a +0 hand axe of flaming
 v - the +9 whip of Prescription {flame, +Rage rC- rN+ Str+2}
   (You found it on level 7 of the Dungeon)

   It has been specially enchanted to burn those struck by it, causing extra
   injury to most foes and up to half again as much damage against particularly
   susceptible opponents.
   It affects your strength (+2).
   It makes you vulnerable to cold.
   It protects you from negative energy.
   It lets you go berserk.
 V - the +9 broad axe of Quick Death (weapon) {venom, Str+3}
   (Trog gifted it to you on level 9 of the Dungeon)

   It poisons the flesh of those it strikes.
   It affects your strength (+3).
Armour
 A - a +0 plate armour
 E - a +2 pair of boots (worn)
 K - a +3 ring mail (worn)
 L - a +0 pair of boots
Jewellery
 i - a ring of resist corrosion (left hand)
 o - a +6 ring of intelligence
 q - an uncursed ring of stealth
 s - the ring "Ricw" (right hand) {rPois MR+}
   (You bought it in a shop on level 4 of the Dungeon)

   [ring of poison resistance]

   It protects you from poison.
   It affects your resistance to hostile enchantments.
 I - an uncursed ring of protection from cold
 T - an uncursed ring of teleportation
Wands
 m - a wand of flame (12/48)
 F - a wand of digging (7/24)
 G - a wand of hasting (8/9)
 R - a wand of iceblast (6/15)
 S - a wand of flame (33/48)
Scrolls
 a - 2 scrolls of immolation {unknown}
 d - 10 scrolls of identify
 e - 2 scrolls of blinking {unknown}
 f - 3 scrolls of recharging
 g - a scroll of magic mapping {unknown}
 h - 3 scrolls of random uselessness
 j - 4 scrolls of enchant weapon {unknown}
 k - 2 scrolls of amnesia {unknown}
 p - 3 scrolls of fog {unknown}
 y - 4 scrolls of remove curse
 z - a scroll of fear {unknown}
 B - 2 scrolls of teleportation {unknown}
 D - 4 scrolls of enchant armour {unknown}
 Y - a scroll of brand weapon {unknown}
Potions
 b - 5 potions of flight {unknown}
 n - a potion of haste
 u - a potion of agility
 w - 2 potions of lignification
 C - a potion of cancellation
 H - 2 potions of ambrosia
 J - a potion of brilliance
 O - 2 potions of invisibility
 Q - a potion of beneficial mutation {unknown}
 U - a potion of berserk rage {unknown}
 X - 7 potions of degeneration
Books
 M - a book of Minor Magic

   Spells                             Type                      Level
   a - Magic Dart                     Conjuration                  1
   b - Blink                          Translocation                2
   c - Call Imp                       Summoning                    2
   d - Repel Missiles                 Charms/Air                   2
   e - Slow                           Hexes                        2
   f - Conjure Flame                  Conjuration/Fire             3
   g - Mephitic Cloud                 Conjuration/Poison/Air       3
   Trog disapproves of the use of such an item.
 N - a book of Flames

   Spells                             Type                      Level
   a - Flame Tongue                   Conjuration/Fire             1
   b - Throw Flame                    Conjuration/Fire             2
   c - Conjure Flame                  Conjuration/Fire             3
   d - Inner Flame                    Hexes/Fire                   3
   e - Sticky Flame                   Conjuration/Fire             4
   f - Fireball                       Conjuration/Fire             5
   Trog disapproves of the use of such an item.
Comestibles
 c - 15 bread rations
 l - 5 meat rations
 r - 9 beef jerkies
 x - 4 slices of pizza
 P - 5 fruits
 W - 12 royal jellies
 Z - a chunk of flesh


   Skills:
 - Level 3.8 Fighting
 - Level 19.2 Axes
 + Level 10.4 Armour
 - Level 2.1 Dodging


You had 10 spell levels left.
You didn't know any spells.

Dungeon Overview and Level Annotations

Branches:
Dungeon (11/15)            Temple (0/1) D:7            Lair (2/6) D:9
    Orc (0/2) D:10
  Swamp: Lair:2-4    Shoals: Lair:2-4     Snake: Lair:2-4    Spider: Lair:2-4

Altars:
Qazlal
Ru
The Shining One

Shops:
D:4 =   D:6 }   D:7 (   D:8 !


Innate Abilities, Weirdness & Mutations

You reflexively headbutt those who attack you in melee.
You have a pair of horns on your head.


Message History

The elephant trunk-slaps you but does no damage.
The bullfrog barely misses you. The blink frog closely misses you.
The elephant tramples you.
* * * LOW HITPOINT WARNING * * *
You hold your ground!
The elephant trunk-slaps you but does no damage.
You miss the blink frog. You slash the elephant!
You kill the elephant!
Trog accepts your kill.
You barely miss the bullfrog. You closely miss the blink frog.
The bullfrog hits you.
* * * LOW HITPOINT WARNING * * *
The blink frog hits you!
* * * LOW HITPOINT WARNING * * *
The blink frog hits you but does no damage.
The catoblepas breathes a plume of calcifying dust at you.
The blast of calcifying dust hits the crocodile.
The blast of calcifying dust hits the bullfrog.
The blast of calcifying dust hits you!
You die...

#.......§.#
#...⌠..§# # #..F..#
.# #.#†.# ..#
##.F.## ...#
###†.Y..#.....
#.§⌠.t.⌠....#
......†#.FF......#
...#.###..@F##.....
. #####.##F## .....
##..##....# ....
#.........## .#..
#####........[.#
#..≈###...........
#..≈≈P#...........
#....##.......###.
##≈..≈≈..##.#..#.##


You could see 3 blink frogs, a crocodile and a bullfrog.

Vanquished Creatures
  The ghost of Naow the Severer, a journeyman MiBe of Trog (D:11)
  An unseen horror (D:10)
  The ghost of Naow the Cleaver, a novice MiBe of Trog (D:5)
  6 elephants (Lair:2)
  2 spiny frogs (Lair:1)
  A komodo dragon (Lair:1)
  A rime drake (Lair:2)
  4 trolls
  A two-headed ogre (D:9)
  A queen bee (D:10)
  4 hippogriffs
  A spriggan (D:7)
  Sigmund (D:5)
  3 yaks (D:9)
  A vampire (D:10)
  Grum (D:8)
  Eustachio (D:4)
  A hungry ghost (D:8)
  Menkaure (D:7)
  2 water moccasins
  A porcupine (Lair:1)
  Duvessa (D:5)
  A swamp drake (D:10)
  2 black bears
  A necrophage (D:7)
  2 orc warriors (D:10)
  2 wolves (D:8)
  4 ice beasts
  A phantom (D:8)
  4 centaurs
  5 ogres
  3 crocodiles (Lair:1)
  A big kobold (D:11)
  5 bullfrogs
  Dowan (D:5)
  3 scorpions
  35 killer bees
  3 howler monkeys
  5 crimson imps
  2 bullfrog zombies
  4 hounds
  9 orc priests
  2 jellies
  13 orc wizards
  3 bullfrog skeletons
  2 iguanas
  2 hell rats (Lair:2)
  Natasha (thrice) (D:2)
  8 worker ants
  2 hound zombies
  2 hound skeletons
  2 worker ant zombies
  4 gnolls (D:7)
  10 adders
  9 river rats (Lair:2)
  3 shadow imps
  3 oozes
  2 adder skeletons
  A worm (D:5)
  2 leopard geckos
  46 orcs
  A ball python (D:2)
  6 giant cockroaches
  7 goblins
  9 hobgoblins
  14 jackals
  7 kobolds
  2 quokkas
  9 bats
  2 frilled lizards
  A leopard gecko skeleton (D:4)
  9 rats
  A fungus (D:9)
317 creatures vanquished.

Vanquished Creatures (others)
  A plant (Lair:2)
1 creature vanquished.

Grand Total: 318 creatures vanquished

Notes
Turn   | Place    | Note
-------+----------+-------------------------------------------
     0 | D:1      | Naow the Minotaur Berserker began the quest for the Orb.
     0 | D:1      | Reached XP level 1. HP: 19/19 MP: 0/0
    32 | D:1      | Reached skill level 4 in Axes
    33 | D:1      | Reached XP level 2. HP: 24/27 MP: 1/1
   474 | D:2      | Reached skill level 5 in Axes
   474 | D:2      | Reached XP level 3. HP: 19/33 MP: 2/2
   815 | D:2      | Reached ** piety under Trog
   910 | D:2      | Reached XP level 4. HP: 28/40 MP: 3/3
  1083 | D:2      | Reached skill level 6 in Axes
  1139 | D:2      | Noticed Natasha
  1145 | D:2      | Killed Natasha
  1380 | D:2      | Noticed Natasha
  1387 | D:2      | Killed Natasha
  1387 | D:2      | Reached XP level 5. HP: 24/46 MP: 4/4
  1395 | D:2      | Noticed Natasha
  1396 | D:2      | Killed Natasha
  1396 | D:2      | Reached skill level 7 in Axes
  1733 | D:3      | Reached *** piety under Trog
  1742 | D:3      | Reached skill level 8 in Axes
  2026 | D:3      | Reached XP level 6. HP: 47/52 MP: 5/5
  2340 | D:4      | Found Ihalo's Jewellery Emporium.
  2769 | D:4      | Reached skill level 9 in Axes
  2963 | D:4      | Noticed Eustachio
  2977 | D:4      | Killed Eustachio
  2977 | D:4      | Reached XP level 7. HP: 54/58 MP: 6/6
  3056 | D:4      | Reached skill level 10 in Axes
  3272 | D:5      | Entered Level 5 of the Dungeon
  3284 | D:5      | Noticed Naow's ghost (novice MiBe)
  3294 | D:5      | Killed Naow's ghost
  3294 | D:5      | Reached skill level 11 in Axes
  3294 | D:5      | Reached XP level 8. HP: 66/66 MP: 7/7
  3326 | D:5      | Noticed Sigmund
  3333 | D:5      | Reached **** piety under Trog
  3341 | D:5      | Reached skill level 12 in Axes
  3350 | D:5      | Killed Sigmund
  3697 | D:5      | Noticed Dowan
  3699 | D:5      | Noticed Duvessa
  3707 | D:5      | Killed Duvessa
  3707 | D:5      | Reached skill level 13 in Axes
  3708 | D:5      | Killed Dowan
  3883 | D:5      | Reached XP level 9. HP: 71/71 MP: 8/8
  4351 | D:5      | Reached skill level 14 in Axes
  4567 | D:6      | Found Sosk's Gadget Emporium.
  5182 | D:6      | Reached ***** piety under Trog
  5548 | D:7      | Found a staircase to the Ecumenical Temple.
  5622 | D:7      | Found Sooh's Antique Weapon Shoppe.
  5764 | D:7      | Reached skill level 15 in Axes
  5803 | D:7      | Noticed Menkaure
  5813 | D:7      | Killed Menkaure
  6456 | D:7      | Got a transparent whip
  6457 | D:7      | Identified the +9 whip of Prescription {flame, +Rage rC- rN+ Str+2} (You found it on level 7 of the Dungeon)
  6521 | D:8      | Found Ilu Xur's Distillery.
  6551 | D:8      | Noticed Grum
  6563 | D:8      | Killed Grum
  6567 | D:8      | Reached skill level 16 in Axes
  7011 | D:8      | Found a stormy altar of Qazlal.
  7019 | D:8      | Reached XP level 10. HP: 76/78 MP: 9/9
  7634 | D:8      | Found a sacrificial altar of Ru.
  7634 | D:8      | Found a glowing golden altar of the Shining One.
  7971 | D:9      | Found a staircase to the Lair.
  8057 | D:9      | Reached skill level 17 in Axes
  8134 | D:9      | Received a gift from Trog
  8137 | D:9      | Got a crystal broad axe {god gift}
  8138 | D:9      | Identified the +9 broad axe of Quick Death {venom, Str+3} (Trog gifted it to you on level 9 of the Dungeon)
  8640 | D:10     | Entered Level 10 of the Dungeon
  8697 | D:10     | Killed an unseen horror
  8697 | D:10     | Reached skill level 18 in Axes
  8936 | D:10     | Reached XP level 11. HP: 47/83 MP: 10/10
  9327 | D:10     | Reached skill level 19 in Axes
  9392 | D:10     | HP: 2/83 [orc warrior/short sword (4)]
 10021 | D:10     | Found a staircase to the Orcish Mines.
 10024 | D:10     | Received a gift from Trog
 10244 | D:11     | Noticed Naow's ghost (journeyman MiBe)
 10260 | D:11     | Killed Naow's ghost
 10260 | D:11     | Reached skill level 5 in Armour
 10336 | Lair:1   | Entered Level 1 of the Lair of Beasts
 10826 | D:4      | Bought the ring "Ricw" {rPois MR+} for 423 gold pieces
 11753 | Lair:2   | Reached skill level 10 in Armour
 11758 | Lair:2   | Noticed a catoblepas
 11764 | Lair:2   | HP: 2/83 [blink frog (7)]
 11764 | Lair:2   | Killed from afar by a catoblepas

Vault maps used:
D:1:      tarquinn_simple_flora_water_f, minmay_box_of_dots
D:2:      grunt_ministairs_7, uniq_natasha
D:4:      serial_shops, shop, uniq_eustachio
D:5:      first_bread, uniq_sigmund, uniq_duvessa
D:6:      serial_shops, shop
D:7:      serial_curves, eino_curves_03, eino_curves_02, serial_shops, shop,
          the_bakery, uniq_menkaure
D:8:      gammafunk_temple_overflow_elements, grunt_qazlal_clouds, serial_shops,
          kennysheep_mini, uniq_grum
D:9:      dpeg_oklobed_lair
D:10:     erik_orc_1
D:11:     minmay_sliced_demisemicircle, serial_shops,
          nicolae_shop_overgrown_old_shop
Lair:1:   grunt_megastairs_4
Lair:2:   kennysheep_rathole, grunt_megastairs_3

Skill      XL: |  1  2  3  4  5  6  7  8  9 10 11 |
---------------+----------------------------------+-----
Axes           | 4 5 6 8 9 11 13 16 18 19 | 19.2
Armour         | 10 | 10.4
Fighting       | |  3.8
Dodging        | |  2.1

Action                   |  1- 3 |  4- 6 |  7- 9 | 10-12 || total
-------------------------+-------+-------+-------+-------++-------
Melee: Hand axe          |    55 |   171 |   249 |       ||   475
       Headbutt          |     8 |    24 |    63 |    46 ||   141
       Whip              |       |       |    33 |    78 ||   111
       Broad axe         |       |       |       |   249 ||   249
Invok: Berserk           |     1 |     6 |     7 |    11 ||    25
       Trog's Hand       |       |       |     1 |     2 ||     3
  Use: Scroll            |       |       |    10 |     1 ||    11
       Potion            |       |       |       |     3 ||     3
 Stab: Distracted        |       |       |     1 |     1 ||     2
  Eat: Chunk             |     1 |    11 |    20 |    19 ||    51
       Beef jerky        |       |       |       |     1 ||     1
       Meat ration       |       |       |       |     1 ||     1
Armor: Animal skin       |     6 |    11 |       |       ||    17
       Ring mail         |       |    13 |    73 |    95 ||   181
Dodge: Dodged            |    51 |    82 |    81 |   146 ||   360
